 Dungeon Crawl Stone Soup version 0.18-a0-1805-g8ab820f (webtiles) character file.

2598 varam the Chopper (level 9, -5/86 HPs)
             Began as a Deep Dwarf Fighter on Apr 25, 2016.
             Was a Believer of Makhleb.
             Killed by divine providence
             ... invoked by an orc priest
              (9 damage)
             ... on level 9 of the Dungeon.
             The game lasted 00:46:20 (6897 turns).

varam the Chopper (Deep Dwarf Fighter)              Turns: 6897, Time: 00:46:20

Health: -5/86      AC: 21    Str: 18    XL:     9   Next: 33%
Magic:  13/13      EV:  2    Int: 12    God:    Makhleb [**....]
Gold:   449        SH: 18    Dex: 12    Spells: 0 memorised, 8 levels left

rFire  . . .     SeeInvis +     K - +4 short sword of Honour {pierce, +Blink Str-4 Int+2}
rCold  . . .     Gourm    .     G - +0 plate armour
rNeg   . . .     Faith    .     J - +3 large shield
rPois  .         Spirit   .     p - +2 helmet {SInv}
rElec  .         Dismiss  .     (no cloak)
rCorr  .         Reflect  .     j - +0 pair of gloves
SustAt .         Harm     .     P - +0 pair of boots
MR     +....                    (no amulet)
Stlth  ..........               (no ring)
                                x - +3 ring of protection

@: non-regenerating, somewhat resistant to hostile enchantments, extremely
unstealthy
A: damage resistance, recharge devices, sense surroundings 2, slow regeneration
3
a: Device Recharging, Minor Destruction, Renounce Religion, Evoke Blink


You were on level 9 of the Dungeon.
You worshipped Makhleb.
Makhleb was pleased with you.
You were not hungry.

You visited 2 branches of the dungeon, and saw 10 of its levels.

You collected 449 gold pieces.

Inventory:

Hand Weapons
 a - a +0 war axe
 K - the +4 short sword of Honour (weapon) {pierce, +Blink Str-4 Int+2}
   (You found it on level 6 of the Dungeon)

   It inflicts extra damage upon your enemies.
   It affects your strength (-4).
   It affects your intelligence (+2).
   It lets you blink.
 S - a +4 spear of flaming
Armour
 j - a +0 pair of gloves (worn)
 p - a +2 helmet of see invisible (worn)
 G - a +0 plate armour (worn)
 J - a +3 large shield (worn)
 P - a +0 pair of boots (worn)
 T - a +0 scale mail of cold resistance
Jewellery
 x - a +3 ring of protection (left hand)
 F - an uncursed ring of ice
Wands
 e - a wand of heal wounds (0/9)
 O - a wand of flame (12/48)
Scrolls
 h - 2 scrolls of enchant armour
 i - a scroll of blinking
 m - a scroll of enchant weapon {unknown}
 n - a scroll of identify
 s - 2 scrolls of recharging
 u - a scroll of fog {unknown}
 w - a scroll of magic mapping
 B - a scroll of fear
 D - 4 scrolls of random uselessness
 E - a scroll of teleportation {unknown}
 I - 2 scrolls of immolation
 L - a scroll of silence {unknown}
 N - a scroll of holy word {unknown}
 Q - 2 scrolls of remove curse
Potions
 b - 2 potions of degeneration {unknown}
 d - 3 potions of might
 l - 4 potions of ambrosia {unknown}
 o - 5 potions of heal wounds {unknown}
 q - 4 potions of agility {unknown}
 r - 3 potions of flight {unknown}
 z - 2 potions of berserk rage {unknown}
 A - 4 potions of cure mutation {unknown}
 H - a potion of resistance {unknown}
 M - a potion of curing {unknown}
Books
 k - a book of Flames

   Spells                             Type                      Level
   a - Flame Tongue                   Conjuration/Fire             1
   b - Throw Flame                    Conjuration/Fire             2
   c - Conjure Flame                  Conjuration/Fire             3
   d - Inner Flame                    Hexes/Fire                   3
   e - Sticky Flame                   Conjuration/Fire             4
   f - Fireball                       Conjuration/Fire             5
 y - a book of the Earth

   Spells                             Type                      Level
   a - Leda's Liquefaction            Hexes/Earth                  4
   b - Bolt of Magma                  Conjuration/Fire/Earth       5
   c - Statue Form                    Transmutation/Earth          6
   d - Iron Shot                      Conjuration/Earth            6
   e - Shatter                        Earth                        9
 R - a book of Dreams

   Spells                             Type                      Level
   a - Ensorcelled Hibernation        Hexes/Ice                    2
   b - Silence                        Hexes/Air                    5
   c - Darkness                       Hexes                        6
   d - Shadow Creatures               Summoning                    6
Comestibles
 f - 6 bread rations
 g - 2 chunks of flesh
 t - a meat ration
 v - 9 fruits
 C - 2 beef jerkies


   Skills:
 + Level 7.1 Fighting
 + Level 7.6 Axes
 - Level 6.0 Armour
 - Level 6.0 Shields
 - Level 6.0 Evocations


You had 8 spell levels left.
You didn't know any spells.

Dungeon Overview and Level Annotations

Branches:
Dungeon (9/15)             Temple (1/1) D:4
   Lair: D:8-11         Orc: D:9-12

Altars:
Ashenzari
Cheibriados
Dithmenos
Elyvilon
Fedhas
Gozag
Kikubaaqudgha
Makhleb
Nemelex Xobeh
Okawaru
Qazlal
Ru
Sif Muna
Trog
Vehumet
Xom
Yredelemnul
Zin
The Shining One

Shops:
D:7 =

Annotations:
D:8 Gastronok, Maurice, Psyche


Innate Abilities, Weirdness & Mutations

You are resistant to damage.
You can recharge devices by infusing magical energy.
You passively map the area around you.
You do not regenerate naturally.


Message History

The phantom hits you but does no damage.
The gargoyle hurls a stone arrow at you.
The stone arrow hits you!
The phantom hits you but does no damage.
The gargoyle hurls a stone arrow at you.
The stone arrow hits you!
* * * LOW HITPOINT WARNING * * *
There is a stone staircase leading down, spattered with blood here.
The phantom hits you. You block Psyche's attack.
You climb downwards.
You hear a splash. 4 orcs, an orc warrior and 2 orc priests come into view.
The orc shouts!
The orc priest shouts!
The orc shouts! x3
The orc priest shouts!
There is a stone staircase leading up here.
The phantom blinks!
The orc priest looks braver for a moment.
The orc priest calls down the wrath of Beogh upon you.
Beogh smites you!
You die...

,* ,, ,*, * , ,, ,
#..#### * , , , , ,
#.....# **, , , , ,
, ,#.....# , ,, ,
,, ,#.....###, , ,
..#.......# ,, , ,
, ........### , ***
*, #.......# , , ,,
, #.@....#,,, * , ,
* #......# , ,* , *
, , ,
,+......#+#####.,
#.....o........ ,
,,* #....ooo..oo...
,
**#.......<....oo.
.........W.......,*
* ,,,
,###...............
, #...............


You could see a phantom, an orc priest and 3 orcs.

Vanquished Creatures
  Eustachio (D:4)
  A hippogriff (D:8)
  A black bear (D:7)
  An ogre (D:8)
  A phantom (D:7)
  4 centaurs
  3 giant frogs
  A gnoll sergeant (D:8)
  A water moccasin zombie (D:8)
  A scorpion (D:7)
  5 wights
  3 howler monkeys
  2 crimson imps (D:5)
  A wasp zombie (D:6)
  3 jellies
  4 orc priests
  3 hounds
  5 orc wizards
  A centaur skeleton (D:5)
  An iguana (D:7)
  7 worker ants
  A killer bee zombie (D:8)
  5 gnolls
  6 adders
  A shadow imp (D:7)
  5 worms
  6 giant geckos
  27 orcs
  3 giant cockroaches
  2 gnoll zombies (D:7)
  13 hobgoblins
  7 jackals
  10 kobolds
  A quokka (D:4)
  2 ball pythons
  4 bats
  A giant gecko zombie (D:8)
  11 giant newts
  8 goblins
  7 rats
  A bush (D:5)
171 creatures vanquished.

Vanquished Creatures (others)
  2 butterflies (D:4)
2 creatures vanquished.

Grand Total: 173 creatures vanquished

Notes
Turn   | Place    | Note
--------------------------------------------------------------
     0 | D:1      | varam the Deep Dwarf Fighter began the quest for the Orb.
     0 | D:1      | Reached XP level 1. HP: 20/20 MP: 1/1
   652 | D:2      | Reached XP level 2. HP: 27/27 MP: 2/2
   979 | D:2      | Reached XP level 3. HP: 23/33 MP: 3/3
  1171 | D:3      | Reached skill level 1 in Evocations
  1183 | D:3      | Found a bloodstained altar of Trog.
  1812 | D:3      | Reached XP level 4. HP: 37/42 MP: 5/5
  2086 | D:4      | Found a shimmering altar of Xom.
  2119 | D:4      | Reached XP level 5. HP: 37/49 MP: 6/6
  2586 | D:4      | Found a stormy altar of Qazlal.
  2954 | D:4      | Found a burning altar of Makhleb.
  3126 | D:4      | Noticed Eustachio
  3157 | D:4      | Reached XP level 6. HP: 44/56 MP: 8/8
  3297 | D:4      | Killed Eustachio
  3319 | D:4      | Found a staircase to the Ecumenical Temple.
  3386 | D:4      | Reached skill level 5 in Shields
  3398 | Temple   | Entered the Ecumenical Temple
  3605 | D:4      | Became a worshipper of Makhleb the Destroyer
  3641 | D:5      | Entered Level 5 of the Dungeon
  3689 | D:5      | Reached skill level 5 in Armour
  3689 | D:5      | Reached XP level 7. HP: 44/64 MP: 10/10
  3895 | D:5      | Found a blossoming altar of Fedhas.
  4385 | D:5      | Found a sparkling altar of Nemelex Xobeh.
  4468 | D:6      | Reached skill level 5 in Evocations
  4474 | D:6      | Got a pitted short sword
  4475 | D:6      | Identified the +4 short sword of Honour {pierce, +Blink Str-4 Int+2} (You found it on level 6 of the Dungeon)
  4931 | D:6      | Reached XP level 8. HP: 60/73 MP: 10/12
  4972 | D:6      | Reached * piety under Makhleb
  5106 | D:6      | Found a sparkling altar of Nemelex Xobeh.
  5163 | D:7      | Reached skill level 5 in Axes
  5306 | D:7      | Reached skill level 5 in Fighting
  5512 | D:7      | Found Lipn's Jewellery Boutique.
  5718 | D:7      | Reached ** piety under Makhleb
  5788 | D:7      | Found a basalt altar of Yredelemnul.
  5923 | D:8      | Noticed Maurice
  5981 | D:8      | Paralysed by Maurice for 2 turns
  6229 | D:8      | Gained mutation: You passively map the area around you. [Deep Dwarf growth]
  6229 | D:8      | Reached XP level 9. HP: 49/82 MP: 13/13
  6419 | D:8      | Found a deep blue altar of Sif Muna.
  6421 | D:8      | Found a radiant altar of Vehumet.
  6486 | D:8      | Noticed Gastronok
  6865 | D:8      | Noticed a gargoyle
  6879 | D:8      | Noticed Psyche
  6890 | D:8      | HP: 4/86 [gargoyle/stone arrow (14)]
  6897 | D:9      | Killed from afar by an orc priest

Vault maps used:
D:1:      dpeg_arrival_water_temple_mockup
D:2:      solitary_fountain
D:3:      old_standard_altar, amalloy_card_club
D:4:      corexii_shantytown, kennysheep_mini, grunt_qazlal_clouds,
          xom_confusion_cloud, minmay_temple_entry_butterflies, uniq_eustachio
D:5:      lemuel_round_altar, fedhas_bush_and_centaur_altar, first_bread
D:6:      minmay_misc_feat_more_columns, nemelex_diamond_rough_becter
D:7:      lemuel_zombie_altar_yredelemnul, serial_shops, shop
D:8:      minitemple, uniq_pikel, uniq_gastronok, uniq_maurice, uniq_psyche
D:9:      johnstein_pakellas_shop, david_lair_generic, hangedman_fish_farm
Temple:   roderic_octagonal_lattice_temple

Skill      XL: |  1  2  3  4  5  6  7  8  9 |
---------------+----------------------------+-----
Evocations     | 1 2 3 4 5 6 |  6.0
Armour         | 4 5 6 |  6.0
Fighting       | 3 4 6 7 |  7.1
Axes           | 3 4 6 7 |  7.6
Shields        | 4 5 6 |  6.0

Action                   |  1- 3 |  4- 6 |  7- 9 || total
-------------------------+-------+-------+-------++-------
Melee: War axe           |   118 |   363 |   184 ||   665
       Short sword       |       |       |   264 ||   264
Evoke: Wand              |     1 |     2 |     9 ||    12
  Use: Scroll            |       |       |    10 ||    10
  Eat: Chunk             |     2 |       |     3 ||     5
       Meat ration       |     1 |       |     1 ||     2
       Royal jelly       |       |     1 |       ||     1
       Beef jerky        |       |     2 |       ||     2
       Pizza             |       |       |     1 ||     1
Armor: Scale mail        |    49 |    90 |    16 ||   155
       Plate armour      |       |   323 |   276 ||   599
Dodge: Dodged            |    26 |   139 |    30 ||   195
Block: Shield            |    57 |   295 |    41 ||   393
       Large shield      |       |       |   395 ||   395
